PCL
SPOKANE TRAPPERS @ SAN JOSE MISSIONS
09/24/2027
 
TOP OF THE 1ST
Spokane Trappers batting - Pitching for San Jose Missions : RHP Lloyd Harmon
Pitching: RHP Lloyd Harmon
Batting: RHB Enrique Mendoza 0-0: Fly out, F5 (Popup, 56)
Batting: RHB Alejandro Ramos 0-0: Ball
1-0: SINGLE (Line Drive, 8LS)
Batting: RHB Jeremy Carr 0-0: Ball
1-0: Foul Ball, location: 2F
1-1: Ball
2-1: Foul Ball, location: 2F
2-2: SINGLE (Line Drive, 7S)
Alejandro Ramos to second
Batting: RHB Ramiro Ross 0-0: Swinging Strike
0-1: Ball
1-1: Foul Ball, location: 2F
1-2: Strikes out swinging
Batting: LHB Alan Moore 0-0: Ball
1-0: SINGLE (Groundball, 6S) (infield hit)
Alejandro Ramos to third
Jeremy Carr to second
Batting: RHB Trent Rasmussen 0-0: Ball
1-0: Ball
2-0: Ball
3-0: Base on Balls
Alejandro Ramos scores
Jeremy Carr to third
Alan Moore to second
Batting: RHB Clyde Kelley 0-0: Ball
1-0: Ball
2-0: Foul Ball, location: 2F
2-1: Ball
3-1: Called Strike
3-2: Strikes out swinging
Top of the 1st over - 1 run(s), 3 hit(s), 0 error(s), 3 left on base; Spokane 1 - San Jose 0
BOTTOM OF THE 1ST
San Jose Missions batting - Pitching for Spokane Trappers : RHP Michael Morris
Pitching: RHP Michael Morris
Batting: LHB Félix García 0-0: Ball
1-0: Ball
2-0: Fly out, F7 (Flyball, 7S)
Batting: RHB Culley Douglas 0-0: Ball
1-0: Called Strike
1-1: Foul Ball, location: 2F
1-2: SOLO HOME RUN (Flyball, 78XD), Distance : 421 ft
Batting: LHB Arturo Rivera 0-0: Called Strike
0-1: Foul Ball, location: 2F
0-2: Foul Ball, location: 2F
0-2: Foul Ball, location: 2F
0-2: Ball
1-2: Strikes out swinging
Batting: RHB Ed Starr 0-0: Called Strike
0-1: Ball
1-1: Swinging Strike
1-2: SINGLE (Flyball, 78S)
Batting: RHB Raúl Perales 0-0: Called Strike
0-1: Ball
1-1: Called Strike
1-2: Foul Ball, location: 2F
1-2: Ball
2-2: Ball
3-2: Foul Ball, location: 2F
3-2: Base on Balls
Ed Starr to second
Batting: RHB Irwin Duncan 0-0: Ball
1-0: Foul Ball, location: 2F
1-1: Swinging Strike
1-2: Strikes out swinging
Bottom of the 1st over - 1 run(s), 2 hit(s), 0 error(s), 2 left on base; Spokane 1 - San Jose 1
TOP OF THE 2ND
Spokane Trappers batting - Pitching for San Jose Missions : RHP Lloyd Harmon
Batting: RHB Sergio Solíz 0-0: Ball
1-0: SINGLE (Groundball, 34D)
Batting: LHB Jaime Padilla 0-0: Ball
1-0: Ball
2-0: Ball
3-0: Called Strike
3-1: Base on Balls
Sergio Solíz to second
Batting: RHB Enrique Mendoza 0-0: Ball
1-0: Swinging Strike
1-1: Ball
2-1: Swinging Strike
2-2: Ball
Wild Pitch!
Sergio Solíz to third
Jaime Padilla to second
3-2: Hit by Pitch
Batting: RHB Alejandro Ramos 0-0: Ground out 5-3 (Groundball, 2L)
Sergio Solíz scores
Jaime Padilla to third
Enrique Mendoza to second
Batting: RHB Jeremy Carr 0-0: Called Strike
0-1: Ball
1-1: SINGLE (Groundball, 6MD)
Jaime Padilla scores
Enrique Mendoza to third
Runner from 3rd tries for Home, SAFE, no throw
Batting: RHB Ramiro Ross 0-0: Ball
1-0: Foul Ball, location: 2F
1-1: Ball
2-1: Swinging Strike
2-2: Ball
Jeremy Carr steals 2nd base
3-2: SINGLE (Groundball, 6MD)
Jeremy Carr to third
Runner from 3rd tries for Home, SAFE, no throw
Batting: LHB Alan Moore 0-0: Ball
1-0: Ball
2-0: Called Strike
2-1: SINGLE (Groundball, 4MD)
Ramiro Ross to second
Batting: RHB Trent Rasmussen 0-0: Called Strike
0-1: Ball
1-1: Ball
2-1: Ball
3-1: Foul Ball, location: 2F
3-2: Foul Ball, location: 2F
3-2: Base on Balls
Ramiro Ross to third
Alan Moore to second
Batting: RHB Clyde Kelley 0-0: Foul Ball, location: 2F
0-1: Ball
1-1: Ball
2-1: Foul Ball, location: 2F
2-2: Ball
3-2: Base on Balls
Ramiro Ross scores
Alan Moore to third
Trent Rasmussen to second
Batting: RHB Sergio Solíz 0-0: Called Strike
0-1: Called Strike
0-2: Fly out, F6 (Popup, 56D)
Batting: LHB Jaime Padilla 0-0: Ground out 6-3 (Groundball, 6S)
Top of the 2nd over - 5 run(s), 4 hit(s), 0 error(s), 3 left on base; Spokane 6 - San Jose 1
BOTTOM OF THE 2ND
San Jose Missions batting - Pitching for Spokane Trappers : RHP Michael Morris
Batting: RHB Jim Brown 0-0: Ball
1-0: Ball
2-0: Ground out 5-3 (Groundball, 56)
Batting: RHB Goro Tanabe 0-0: Called Strike
0-1: Foul Ball, location: 2F
0-2: Ball
1-2: Foul Ball, location: 2F
1-2: DOUBLE (Flyball, 78M)
Batting: RHB Salvador Mendoza 0-0: Ground out 4-3 (Groundball, 34)
Goro Tanabe to third
Pitching: RHP Esteban Corona
Batting: LHB Félix García 0-0: SINGLE (Line Drive, 4M)
Goro Tanabe scores
Batting: RHB Culley Douglas 0-0: Called Strike
Félix García is caught stealing 2nd base
Bottom of the 2nd over - 1 run(s), 2 hit(s), 0 error(s), 0 left on base; Spokane 6 - San Jose 2
TOP OF THE 3RD
Spokane Trappers batting - Pitching for San Jose Missions : RHP Lloyd Harmon
Batting: RHB Enrique Mendoza 0-0: Ground out 4-3 (Groundball, 4MS)
Batting: RHB Alejandro Ramos 0-0: Ground out 6-3 (Groundball, 6)
Batting: RHB Jeremy Carr 0-0: Ball
1-0: Ball
2-0: Called Strike
2-1: Called Strike
2-2: Foul Ball, location: 2F
2-2: Ground out 6-3 (Groundball, 6)
Top of the 3rd over - 0 run(s), 0 hit(s), 0 error(s), 0 left on base; Spokane 6 - San Jose 2
BOTTOM OF THE 3RD
San Jose Missions batting - Pitching for Spokane Trappers : RHP Esteban Corona
Batting: RHB Culley Douglas 0-0: Ball
1-0: Foul Ball, location: 2F
1-1: Swinging Strike
1-2: Ball
2-2: Strikes out swinging
Batting: LHB Arturo Rivera 0-0: Fly out, F9 (Flyball, 89M)
Batting: RHB Ed Starr 0-0: Called Strike
0-1: Foul Ball, location: 2F
0-2: Ball
1-2: Ball
2-2: SINGLE (Groundball, 34D) (infield hit)
Batting: RHB Raúl Perales 0-0: Ball
1-0: Swinging Strike
1-1: Foul Ball, location: 2F
1-2: Strikes out swinging
Bottom of the 3rd over - 0 run(s), 1 hit(s), 0 error(s), 1 left on base; Spokane 6 - San Jose 2
TOP OF THE 4TH
Spokane Trappers batting - Pitching for San Jose Missions : RHP Lloyd Harmon
Batting: RHB Ramiro Ross 0-0: Ball
1-0: Ball
2-0: Called Strike
2-1: Called Strike
2-2: Strikes out swinging
Batting: LHB Alan Moore 0-0: DOUBLE (Flyball, 89XD)
Batting: RHB Trent Rasmussen 0-0: Ball
1-0: Called Strike
1-1: Called Strike
1-2: Foul Ball, location: 2F
1-2: Ball
2-2: Foul Ball, location: 2F
2-2: Foul Ball, location: 2F
2-2: Ball
3-2: Base on Balls
Batting: RHB Clyde Kelley 0-0: Ball
1-0: Foul Ball, location: 2F
1-1: Swinging Strike
1-2: Foul Ball, location: 2F
1-2: Ball
2-2: Strikes out swinging
Batting: RHB Sergio Solíz 0-0: Called Strike
0-1: Ball
1-1: Called Strike
1-2: Ball
2-2: Strikes out swinging
Top of the 4th over - 0 run(s), 1 hit(s), 0 error(s), 2 left on base; Spokane 6 - San Jose 2
BOTTOM OF THE 4TH
San Jose Missions batting - Pitching for Spokane Trappers : RHP Esteban Corona
Batting: RHB Irwin Duncan 0-0: Ball
1-0: Foul Ball, location: 2F
1-1: Ball
2-1: Ball
3-1: Called Strike
3-2: Foul Ball, location: 2F
3-2: Foul Ball, location: 2F
3-2: Strikes out swinging
Batting: RHB Jim Brown 0-0: Called Strike
0-1: Ball
1-1: Swinging Strike
1-2: Ball
2-2: Ball
3-2: Foul Ball, location: 2F
3-2: Strikes out looking
Batting: RHB Goro Tanabe 0-0: Called Strike
0-1: Foul Ball, location: 2F
0-2: Ball
1-2: Foul Ball, location: 2F
1-2: Ball
2-2: Ball
3-2: Foul Ball, location: 2F
3-2: Base on Balls
Batting: RHB Salvador Mendoza 0-0: Called Strike
0-1: Ball
1-1: Foul Ball, location: 2F
1-2: Foul Ball, location: 2F
1-2: Foul Ball, location: 2F
1-2: Foul Ball, location: 2F
1-2: Strikes out looking
Bottom of the 4th over - 0 run(s), 0 hit(s), 0 error(s), 1 left on base; Spokane 6 - San Jose 2
TOP OF THE 5TH
Spokane Trappers batting - Pitching for San Jose Missions : RHP Lloyd Harmon
Batting: LHB Jaime Padilla 0-0: Ball
1-0: Swinging Strike
1-1: Foul Ball, location: 2F
1-2: Ground out 6-3 (Groundball, 6)
Batting: RHB Enrique Mendoza 0-0: Called Strike
0-1: Ball
1-1: DOUBLE (Line Drive, 8RD)
Batting: RHB Alejandro Ramos 0-0: 2-RUN HOME RUN (Flyball, 7LD), Distance : 360 ft
Batting: RHB Jeremy Carr 0-0: Ball
1-0: Ball
2-0: Foul Ball, location: 2F
2-1: Called Strike
2-2: Ball
3-2: SOLO HOME RUN (Flyball, 7D), Distance : 370 ft
Batting: RHB Ramiro Ross 0-0: Ball
1-0: Ground out 5-3 (Groundball, 5L)
Batting: LHB Alan Moore 0-0: Called Strike
0-1: Ball
1-1: Ball
2-1: Ground out U3 (Groundball, 34)
Top of the 5th over - 3 run(s), 3 hit(s), 0 error(s), 0 left on base; Spokane 9 - San Jose 2
BOTTOM OF THE 5TH
San Jose Missions batting - Pitching for Spokane Trappers : RHP Esteban Corona
Batting: LHB Félix García 0-0: Ground out 4-3 (Groundball, 4S)
Batting: RHB Culley Douglas 0-0: Ball
1-0: Called Strike
1-1: Foul Ball, location: 2F
1-2: Ball
2-2: Foul Ball, location: 2F
2-2: Ball
3-2: Base on Balls
Batting: LHB Arturo Rivera 0-0: Ball
1-0: DOUBLE (Flyball, 9LD)
Culley Douglas to third
Runner from 3rd tries for Home, SAFE, throw made home
Batting: RHB Ed Starr 0-0: Ball
1-0: Called Strike
1-1: Ball
2-1: Foul Ball, location: 2F
2-2: Foul Ball, location: 2F
2-2: Foul Ball, location: 2F
2-2: SINGLE (Groundball, 4D)
Arturo Rivera to third
Batting: RHB Raúl Perales 0-0: Ball
1-0: SINGLE (Groundball, 5S) (infield hit)
Arturo Rivera scores
Ed Starr to second
Batting: RHB Irwin Duncan 0-0: Fly out, F9 (Flyball, 9LM)
Batting: RHB Jim Brown 0-0: Called Strike
0-1: Swinging Strike
0-2: Strikes out swinging
Bottom of the 5th over - 2 run(s), 3 hit(s), 0 error(s), 2 left on base; Spokane 9 - San Jose 4
TOP OF THE 6TH
Spokane Trappers batting - Pitching for San Jose Missions : RHP Lloyd Harmon
Batting: RHB Trent Rasmussen 0-0: Ball
1-0: Called Strike
1-1: Ball
2-1: Ball
3-1: Base on Balls
Pitching: RHP Larry West
Batting: RHB Clyde Kelley 0-0: Ball
1-0: Foul Ball, location: 2F
1-1: Foul Ball, location: 2F
1-2: Ball
2-2: Foul Ball, location: 2F
2-2: Foul Ball, location: 2F
2-2: Ball
3-2: SINGLE (Groundball, 6MD)
Trent Rasmussen to second
Pitching: LHP Mario Galván
Batting: RHB Sergio Solíz 0-0: SINGLE (Flyball, 8RS)
Trent Rasmussen to third
Clyde Kelley to second
Batting: LHB Jaime Padilla 0-0: Ball
1-0: Ground out 5-3 (Groundball, 56S)
Trent Rasmussen scores
Clyde Kelley to third
Sergio Solíz to second
Batting: RHB Enrique Mendoza 0-0: Ball
1-0: Ball
2-0: Ball
3-0: Called Strike
3-1: Base on Balls
Batting: RHB Alejandro Ramos 0-0: Foul Ball, location: 2F
0-1: DOUBLE (Groundball, 5L)
Clyde Kelley scores
Sergio Solíz scores
Enrique Mendoza to third
Pitching: RHP Tommy Waters
Batting: RHB Jeremy Carr 0-0: Called Strike
0-1: 3-RUN HOME RUN (Line Drive, 78XD), Distance : 438 ft
Batting: RHB Ramiro Ross 0-0: Ball
1-0: Foul Ball, location: 2F
1-1: SINGLE (Line Drive, 56)
Batting: LHB Alan Moore 0-0: Foul Ball, location: 2F
0-1: Ball
1-1: DOUBLE (Flyball, 8LXD)
Ramiro Ross to third
Batting: RHB Trent Rasmussen 0-0: Called Strike
0-1: Foul Ball, location: 2F
0-2: Strikes out swinging
Batting: RHB Clyde Kelley 0-0: Swinging Strike
0-1: Ball
1-1: Swinging Strike
1-2: Foul Ball, location: 2F
1-2: Strikes out swinging
Top of the 6th over - 6 run(s), 6 hit(s), 0 error(s), 2 left on base; Spokane 15 - San Jose 4
BOTTOM OF THE 6TH
San Jose Missions batting - Pitching for Spokane Trappers : RHP Esteban Corona
Batting: RHB Goro Tanabe 0-0: Ball
1-0: Ball
2-0: Ball
3-0: Base on Balls
Batting: RHB Salvador Mendoza 0-0: Grounds into double play, 4-6-3 (Groundball, 4)
Batting: LHB Félix García 0-0: Ball
1-0: Ball
2-0: Called Strike
2-1: Ball
3-1: Base on Balls
Batting: RHB Culley Douglas 0-0: Ball
1-0: Called Strike
1-1: Fly out, F4 (Popup, 4)
Bottom of the 6th over - 0 run(s), 0 hit(s), 0 error(s), 1 left on base; Spokane 15 - San Jose 4
TOP OF THE 7TH
Spokane Trappers batting - Pitching for San Jose Missions : RHP Tommy Waters
Batting: RHB Sergio Solíz 0-0: Called Strike
0-1: Fly out, F9 (Flyball, 9LS)
Batting: LHB Jaime Padilla 0-0: SINGLE (Groundball, 4MD)
Batting: RHB Enrique Mendoza 0-0: SINGLE (Groundball, 34D)
Jaime Padilla to second
Runner from 2nd tries for 3rd, SAFE, throw made to third
Enrique Mendoza to second
Batting: RHB Alejandro Ramos 0-0: Called Strike
0-1: Foul Ball, location: 2F
0-2: Foul Ball, location: 2F
0-2: Ball
1-2: Ball
2-2: SINGLE (Line Drive, 9S)
Jaime Padilla scores
Enrique Mendoza to third
Runner from 3rd tries for Home, SAFE, no throw
Batting: RHB Jeremy Carr 0-0: Foul Ball, location: 2F
0-1: Ball
1-1: Ball
2-1: Foul Ball, location: 2F
2-2: Ball
3-2: Base on Balls
Alejandro Ramos to second
Batting: RHB Ramiro Ross 0-0: Called Strike
0-1: Ball
1-1: Ball
2-1: Foul Ball, location: 2F
2-2: Ball
3-2: Base on Balls
Alejandro Ramos to third
Jeremy Carr to second
Batting: LHB Alan Moore 0-0: Called Strike
0-1: Foul Ball, location: 2F
0-2: Ball
1-2: Foul Ball, location: 2F
1-2: Ball
2-2: SINGLE (Line Drive, 34)
Alejandro Ramos scores
Jeremy Carr to third
Ramiro Ross to second
Runner from 3rd tries for Home, SAFE, no throw
Batting: RHB Trent Rasmussen 0-0: SINGLE (Line Drive, 89S)
Ramiro Ross to third
Alan Moore to second
Batting: RHB Clyde Kelley 0-0: SINGLE (Groundball, 34D)
Ramiro Ross scores
Alan Moore to third
Trent Rasmussen to second
Runner from 3rd tries for Home, SAFE, throw made home
Trent Rasmussen to third
Clyde Kelley to second
Batting: RHB Sergio Solíz 0-0: Called Strike
0-1: DOUBLE (Line Drive, 7LS)
Trent Rasmussen scores
Clyde Kelley scores
Batting: LHB Jaime Padilla 0-0: Called Strike
0-1: Ball
1-1: DOUBLE (Flyball, 78D)
Sergio Solíz scores
Batting: RHB Enrique Mendoza 0-0: Called Strike
0-1: Foul Ball, location: 2F
0-2: Ground out 5-3 (Groundball, 56)
Batting: RHB Alejandro Ramos 0-0: Ball
1-0: Ball
2-0: Ball
3-0: Called Strike
3-1: Base on Balls
Batting: RHB Jeremy Carr 0-0: Ball
1-0: SINGLE (Line Drive, 34)
Jaime Padilla to third
Alejandro Ramos to second
Runner from 3rd tries for Home, SAFE, no throw
Pitching: RHP Peyton Pennington
Batting: RHB Ramiro Ross 0-0: Foul Ball, location: 2F
0-1: Foul Ball, location: 2F
0-2: Foul Ball, location: 2F
0-2: Ball
1-2: Fly out, F7 (Flyball, 7)
Top of the 7th over - 10 run(s), 9 hit(s), 0 error(s), 2 left on base; Spokane 25 - San Jose 4
BOTTOM OF THE 7TH
San Jose Missions batting - Pitching for Spokane Trappers : RHP Esteban Corona
Batting: LHB Arturo Rivera 0-0: Foul Ball, location: 2F
0-1: Foul Ball, location: 2F
0-2: Ball
1-2: SOLO HOME RUN (Flyball, 89XD), Distance : 414 ft
Batting: RHB Ed Starr 0-0: Swinging Strike
0-1: Ball
1-1: Called Strike
1-2: Ball
2-2: Fly out, F3 (Popup, 34)
Batting: RHB Raúl Perales 0-0: Called Strike
0-1: Ball
1-1: Ball
2-1: Ball
3-1: Foul Ball, location: 2F
3-2: Base on Balls
Pitching: LHP Alberto Cabrera
Batting: RHB Irwin Duncan 0-0: Called Strike
0-1: Ball
1-1: Grounds into double play, 4-6-3 (Groundball, 4)
Bottom of the 7th over - 1 run(s), 1 hit(s), 0 error(s), 0 left on base; Spokane 25 - San Jose 5
TOP OF THE 8TH
Spokane Trappers batting - Pitching for San Jose Missions : RHP Peyton Pennington
Batting: LHB Alan Moore 0-0: SINGLE (Line Drive, 56D)
Batting: RHB Trent Rasmussen 0-0: Ball
1-0: Swinging Strike
1-1: SINGLE (Groundball, 56D)
Alan Moore to second
Batting: RHB Clyde Kelley 0-0: Ball
1-0: Ball
2-0: Ball
3-0: Base on Balls
Alan Moore to third
Trent Rasmussen to second
Batting: RHB Sergio Solíz 0-0: Ball
1-0: Ball
2-0: Called Strike
2-1: Swinging Strike
2-2: Strikes out swinging
Batting: LHB Jaime Padilla 0-0: Ball
1-0: Ball
2-0: Called Strike
2-1: Fielders Choice at 2nd, 3-6 (Groundball, 34)
Alan Moore scores
Trent Rasmussen to third
Batting: RHB Enrique Mendoza 0-0: Ball
1-0: Ball
2-0: Fly out, F6 (Popup, 56D)
Top of the 8th over - 1 run(s), 2 hit(s), 0 error(s), 2 left on base; Spokane 26 - San Jose 5
BOTTOM OF THE 8TH
San Jose Missions batting - Pitching for Spokane Trappers : LHP Alberto Cabrera
Batting: RHB Jim Brown 0-0: Called Strike
0-1: Ball
1-1: Ground out U3 (Groundball, 3L)
Batting: RHB Goro Tanabe 0-0: Foul Ball, location: 2F
0-1: Ball
1-1: Swinging Strike
1-2: Strikes out swinging
Batting: RHB Salvador Mendoza 0-0: Ball
1-0: Fly out, F9 (Flyball, 9S)
Bottom of the 8th over - 0 run(s), 0 hit(s), 0 error(s), 0 left on base; Spokane 26 - San Jose 5
TOP OF THE 9TH
Spokane Trappers batting - Pitching for San Jose Missions : RHP Peyton Pennington
Batting: RHB Alejandro Ramos 0-0: Ball
1-0: Ball
2-0: Ball
3-0: Base on Balls
Batting: RHB Jeremy Carr 0-0: Ball
1-0: Foul Ball, location: 2F
1-1: Swinging Strike
1-2: Foul Ball, location: 2F
1-2: Foul Ball, location: 2F
1-2: Ball
2-2: Ball
3-2: Base on Balls
Alejandro Ramos to second
Batting: RHB Ramiro Ross 0-0: Called Strike
0-1: Called Strike
0-2: Ball
1-2: Ball
2-2: Strikes out swinging
Batting: LHB Alan Moore 0-0: Called Strike
0-1: SINGLE (Line Drive, 6M)
Alejandro Ramos to third
Jeremy Carr to second
Batting: RHB Trent Rasmussen 0-0: Called Strike
0-1: Called Strike
0-2: Hit by Pitch
Alejandro Ramos scores
Jeremy Carr to third
Alan Moore to second
Batting: RHB Clyde Kelley 0-0: Swinging Strike
0-1: Ball
1-1: Foul Ball, location: 2F
1-2: Foul Ball, location: 2F
1-2: Foul Ball, location: 2F
1-2: Ball
2-2: Ball
3-2: Foul Ball, location: 2F
3-2: Base on Balls
Jeremy Carr scores
Alan Moore to third
Trent Rasmussen to second
Batting: RHB Sergio Solíz 0-0: Called Strike
0-1: Foul Ball, location: 2F
0-2: Ball
1-2: Grounds into fielders choice 1-2 (Groundball, 15)
Trent Rasmussen to third
Clyde Kelley to second
Batting: LHB Jaime Padilla 0-0: Called Strike
0-1: Ball
1-1: Foul Ball, location: 2F
1-2: Strikes out swinging
Top of the 9th over - 2 run(s), 1 hit(s), 0 error(s), 3 left on base; Spokane 28 - San Jose 5
BOTTOM OF THE 9TH
San Jose Missions batting - Pitching for Spokane Trappers : LHP Alberto Cabrera
Batting: LHB Félix García 0-0: Ball
1-0: SINGLE (Flyball, 78S)
Batting: RHB Culley Douglas 0-0: Foul Ball, location: 2F
0-1: Foul Ball, location: 2F
0-2: Foul Ball, location: 2F
0-2: Ball
1-2: Ball
2-2: Strikes out swinging
Batting: LHB Arturo Rivera 0-0: Ball
1-0: Called Strike
1-1: Fly out, F9 (Flyball, 89D)
Batting: RHB Ed Starr 0-0: Ball
1-0: Called Strike
1-1: Called Strike
1-2: Ball
2-2: Foul Ball, location: 2F
2-2: Foul Ball, location: 2F
2-2: Foul Ball, location: 2F
2-2: Ball
Wild Pitch!
Félix García to second
3-2: Ground out 5-3 (Groundball, 56S)
Bottom of the 9th over - 0 run(s), 1 hit(s), 0 error(s), 1 left on base; Spokane 28 - San Jose 5
Thursday, March 30th, 2017 - OOTP Baseball 17.12 Build 75